 Dungeon Crawl Stone Soup version 0.29.0-4-gdea44cf6ec (webtiles) character file.

Game seed: 16766036266540749502

28384 qw the Brawler (level 13, -28/124 HPs)
             Began as a Troll Cinder Acolyte on Aug 31, 2022.
             Was a Believer of Okawaru.
             Annihilated by Rupert
             ... wielding a +2 great mace of venom
              (29 damage)
             ... on level 3 of the Lair of Beasts.
             The game lasted 00:06:17 (11324 turns).

qw the Brawler (Troll Cinder Acolyte)              Turns: 11324, Time: 00:06:17

Health: -28/124    AC: 20    Str: 29    XL:     13   Next: 9%
Magic:  16/16      EV:  9    Int: 10    God:    Okawaru [**....]
Gold:   494        SH:  0    Dex:  9    Spells: 14/14 levels left

rFire   x . .      SeeInvis .     - Unarmed
rCold   . . .      Faith    .   (no shield)
rNeg    . . .      Spirit   .   n - +4 storm dragon scales of Good Intentions {rElec rF- Will+++ Regen+ Stlth-}
rPois   +          Reflect  .   (helmet restricted)
rElec   +          Harm     .   (no cloak)
rCorr   .          Rampage  .   (gloves unavailable)
Will    +++..                   (boots unavailable)
Stlth   ..........              (no amulet)
HPRegen 1.90/turn               s - +6 ring of dexterity
MPRegen 0.15/turn               i - ring of poison resistance

@: lethally poisoned (-28 -> -60), heroic
A: large, unfitting armour, claws 3, regeneration 1, shaggy fur 1, tough skin 1,
clumsy 1, high MP 1, mutation resistance 1
a: Renounce Religion, Heroism


You were on level 3 of the Lair of Beasts.
You worshipped Okawaru.
Okawaru was pleased with you.
You visited 3 branches of the dungeon, and saw 15 of its levels.
You also visited: Ossuary.

You collected 616 gold pieces.
You spent 122 gold pieces at shops.


Innate Abilities, Weirdness & Mutations

You are too large for most types of armour.
You have claws for hands.
Your natural rate of healing is unusually fast.
You are covered in fur. (AC +1)
You have tough skin. (AC +1)
You are clumsy. (Dex -2)
You have an increased reservoir of magic. (+10% MP)
You are somewhat resistant to further mutation.


   Skills:
 - Level 7.0(12.0) Fighting
 - Level 7.0(12.0) Throwing
 - Level 5.0(10.0) Armour
 - Level 2.6(7.6) Dodging
 + Level 17.6(22.6) Unarmed Combat
 - Level 1.0 Spellcasting
 - Level 2.1 Fire Magic
 - Level 4.0 Invocations


You had 14 spell levels left.
You didn't know any spells.
Your spell library contained the following spells:

 Spells                   Type           Power      Damage    Failure   Level
 Scorch                   Fire           8%         2d5       65%         2

Inventory:

Missiles
 h - 2 large rocks (quivered)
Armour
 n - the +4 storm dragon scales of Good Intentions (worn) {rElec rF- Will+++ Regen+ Stlth-}
   (You acquired it on level 4 of the Dungeon)

   rF:        It makes you vulnerable to fire.
   rElec:     It insulates you from electricity.
   Regen:     It increases your rate of health regeneration.
   Will:      It greatly increases your willpower.
   Stlth:     It makes you less stealthy.
Jewellery
 a - the ring of Heblet {Fire *Slow rN+++ Str+8 Stlth-}
   (You found it on level 3 of the Lair of Beasts)

   [ring of fire]

   It enhances your fire magic.
   Str:       It affects your strength (+8).
   rF:        It protects you from fire.
   rC:        It makes you vulnerable to cold.
   rN:        It renders you almost immune to negative energy.
   *Slow:     It may slow you when you take damage.
   Stlth:     It makes you less stealthy.
 i - a ring of poison resistance (right claw)
 j - a ring of poison resistance
 l - a +6 ring of strength
 r - a ring of see invisible
 s - a +6 ring of dexterity (left claw)
 t - a ring of ice
Wands
 f - a wand of digging (8)
Scrolls
 c - 3 scrolls of enchant armour
 g - 9 scrolls of identify
Potions
 b - 2 potions of mutation
 d - 3 potions of might
 e - 4 potions of haste
 m - 7 potions of curing
 o - 2 potions of resistance

Dungeon Overview and Level Annotations

Branches:
Dungeon (9/15)             Temple (1/1) D:6            Lair (5/5) D:8
  Swamp (0/4) Lair:3        Snake (0/4) Lair:2      Ossuary (visited)
  Slime: Lair:4-5       Orc: D:9-12

Altars:
Dithmenos
Elyvilon
Fedhas
Hepliaklqana
Kikubaaqudgha
Makhleb
Okawaru
Trog
Uskayaw
Vehumet
Zin
The Shining One

Shops:
D:1 [   D:3 [   D:7 ?

Annotations:
D:3 3 runed translucent doors, qw's ghost, amateur TeWr
D:7 3 runed translucent doors, qw's ghost, novice TeWr
Lair:3 Rupert


Message History

Press: ? - help, Q - select action Shift-Dir - straight line, f/p - Rupert Your line of fire to Rupert is blocked by a fungus.
Rupert roars madly and goes into a rage!
Rupert goes berserk!
Rupert hits you with a +2 great mace of venom!
You are poisoned.
You mangle Rupert!!
Rupert is lightly wounded.
You feel very sick.
Rupert hits you with a +2 great mace of venom!
You claw Rupert!
Rupert is lightly wounded.
You feel sick.
You closely miss Rupert.
Rupert is lightly wounded.
You feel very sick. Rupert completely misses you.
You mangle Rupert!!
Rupert is moderately wounded.
You feel sick.
Rupert hits you with a +2 great mace of venom.
You are more poisoned.
You claw Rupert!
Rupert is heavily wounded.
You feel very sick.
Rupert hits you with a +2 great mace of venom!!
You mangle Rupert!!
Rupert is severely wounded.
You feel very sick.
Rupert hits you with a +2 great mace of venom!
You mangle Rupert!! You claw Rupert.
Rupert is severely wounded.
You feel sick.
Rupert hits you with a +2 great mace of venom!!!
You are lethally poisoned!
You claw Rupert! Your claw misses Rupert.
Rupert is almost dead.
You feel extremely sick.
Rupert hits you with a +2 great mace of venom!!
You die...

..<...# .......# #.....# ....
... ...... #. .... .... ....#
###..# #.. .....## #PP##...#
### .. ....... #.P...# #.## #
........##PP@# #..###
............@#.# ###.....
............#### ###.......
...........### #.........
............)## #.........
..[........#..# ##........
..........77..7777777#........
.........77...~~~~~~7##.......
...........77~~~~~~~~7
#.......


You could see Rupert (berserk).

Vanquished Creatures
  6 hydras
  3 catoblepae
  A death yak (Lair:5)
  A lindwurm (Lair:5)
  5 cane toads
  2 black mambas (Lair:2)
  Psyche (D:8)
  5 komodo dragons
  A kobold demonologist (D:9)
  A rime drake (Lair:3)
  5 polar bears
  Prince Ribbit (D:7)
  5 dream sheep (Lair:5)
  24 blink frogs
  A wraith (Ossuary)
  5 fire elementals
  30 yaks
  A basilisk (Lair:2)
  2 wyverns
  A steam dragon (D:8)
  3 swamp worms (Lair:3)
  5 nagas (Lair:2)
  An acid dragon (D:8)
  12 water moccasins
  An ice beast (D:3)
  An orc warrior (D:7)
  4 ogres
  9 wolves
  A phantom (D:5)
  3 kobold brigands
  10 bullfrogs
  4 scorpions
  A necrophage (D:6)
  6 killer bees (D:8)
  An elephant simulacrum (Lair:2)
  5 howler monkeys
  An electric eel (D:8)
  A hound (D:6)
  2 jellies
  5 orc priests
  A gnoll bouda (D:7)
  Ijyb (D:5)
  Natasha (thrice) (D:2)
  7 iguanas
  9 orc wizards
  A polar bear simulacrum (Lair:2)
  3 mummies (Ossuary)
  9 gnolls
  7 adders
  A shadow imp (D:8)
  3 white imps
  2 ufetubi
  2 worms
  2 dart slugs
  19 orcs
  4 endoplasms
  2 giant cockroaches
  7 goblins
  7 hobgoblins
  15 kobolds
  4 quokkas
  2 ball pythons
  5 bats
  2 gnoll zombies (Ossuary)
  2 goblin zombies (Ossuary)
  3 hobgoblin zombies (Ossuary)
  5 kobold zombies (Ossuary)
  4 rats
  2 butterflies (Lair:3)
311 creatures vanquished.

Vanquished Creatures (others)
  18 fungi
  29 plants
47 creatures vanquished.

Grand Total: 358 creatures vanquished

Notes
Turn   | Place    | Note
-------+----------+-------------------------------------------
     0 | D:1      | qw the Troll Cinder Acolyte began the quest for the Orb.
     0 | D:1      | Reached XP level 1. HP: 22/22 MP: 1/1
     0 | D:1      | 0 ||| qw: Version: 0.1-a-97-g2dd2ca4
     0 | D:1      | 0 ||| qw: Game counter: 4478
     0 | D:1      | 0 ||| qw: Always use a shield: true
     0 | D:1      | 0 ||| qw: God list: Okawaru
     0 | D:1      | 0 ||| qw: Allow faded altars: false
     0 | D:1      | 0 ||| qw: Do Orc after D:15 true
     0 | D:1      | 0 ||| qw: Do second Lair branch before Depths: true
     0 | D:1      | 0 ||| qw: Lair rune preference: random
     0 | D:1      | 0 ||| qw: Plans: Normal
     0 | D:1      | 0 ||| PLANNING D:1-11
   101 | D:1      | Found Bebol's Armour Boutique.
   110 | D:1      | 110 ||| SHOPLISTING +0 cloak (63 gold, have 10).
   212 | D:1      | Reached XP level 2. HP: 29/29 MP: 2/2
   233 | D:1      | 233 ||| Stepping ~*~*~tactically~*~*~ (hiding).
   623 | D:1      | 623 ||| READING scroll labelled BER AHA JEUT.
   724 | D:1      | 724 ||| READING 2 scrolls labelled CUALEQ FEOZOHE.
   725 | D:1      | 725 ||| READING scroll labelled ELUEBU USKO.
   726 | D:1      | 726 ||| DRINKING 4 smoky silvery potions.
   727 | D:1      | 727 ||| DROPPING 3 potions of degeneration.
   728 | D:1      | 728 ||| DROPPING scroll of noise.
   808 | D:2      | Reached skill level 4 in Unarmed Combat
   838 | D:2      | Found a faded altar of an unknown god.
   840 | D:2      | Noticed Natasha
   841 | D:2      | 841 ||| Stepping ~*~*~tactically~*~*~ (hiding).
   855 | D:2      | Killed Natasha
   856 | D:2      | Reached XP level 3. HP: 36/36 MP: 3/3
   880 | D:2      | Noticed Natasha
   891 | D:2      | Killed Natasha
   892 | D:2      | Reached XP level 4. HP: 37/44 MP: 4/4
   908 | D:2      | Reached skill level 5 in Unarmed Combat
  1046 | D:2      | Noticed Natasha
  1052 | D:2      | Killed Natasha
  1246 | D:2      | 1246 ||| Stepping ~*~*~tactically~*~*~ (stealth).
  1393 | D:2      | 1393 ||| READING scroll labelled CERURE TOXENA.
  1400 | D:3      | Found Avviax's Antique Armour Shoppe.
  1402 | D:3      | Noticed an ice beast
  1412 | D:3      | 1412 ||| INVOKING Fiery Armour.
  1418 | D:3      | Killed an ice beast
  1419 | D:3      | Reached skill level 6 in Unarmed Combat
  1419 | D:3      | Reached XP level 5. HP: 28/50 MP: 5/5
  1447 | D:3      | 1447 ||| SHOPLISTING shiny orb (204 gold, have 86).
  1521 | D:3      | Found a radiant altar of Vehumet.
  1822 | D:3      | Found a runed translucent gate.
  1823 | D:3      | Found a runed translucent gate.
  1823 | D:3      | Noticed qw's ghost (amateur TeWr)
  1824 | D:3      | Found a runed translucent gate.
  1897 | D:3      | 1897 ||| Stepping ~*~*~tactically~*~*~ (stealth).
  1905 | D:3      | 1905 ||| Stepping ~*~*~tactically~*~*~ (stealth).
  2058 | D:3      | 2058 ||| Stepping ~*~*~tactically~*~*~ (hiding).
  2242 | D:3      | 2242 ||| UPGRADING to ring of positive energy.
  2243 | D:3      | 2243 ||| READING 2 scrolls labelled RISECHEIGUAD.
  2292 | D:3      | 2292 ||| READING 4 scrolls labelled VUSYDD MIYHE.
  2293 | D:3      | 2293 ||| READING scroll labelled NUONEU NAAMEU.
  2294 | D:3      | 2294 ||| READING scroll labelled HULIES QUBO.
  2316 | D:3      | 2316 ||| DRINKING 2 dark potions.
  2316 | D:3      | Gained mutation: You have an increased reservoir of magic.
                  | (+10% MP) [potion of mutation]
  2316 | D:3      | Gained mutation: You are clumsy. (Dex -2) [potion of
                  | mutation]
  2316 | D:3      | Gained mutation: You are somewhat resistant to further
                  | mutation. [potion of mutation]
  2326 | D:3      | 2326 ||| DROPPING 3 scrolls of magic mapping.
  2439 | D:4      | 2439 ||| INVOKING Fiery Armour.
  2440 | D:4      | Identified the +5 dagger of Dissent {flame, +Blink rPois
                  | SInv}
  2445 | D:4      | 2445 ||| Stepping ~*~*~tactically~*~*~ (outnumbered).
  2446 | D:4      | 2446 ||| Stepping ~*~*~tactically~*~*~ (outnumbered).
  2447 | D:4      | 2447 ||| Stepping ~*~*~tactically~*~*~ (outnumbered).
  2449 | D:4      | 2449 ||| Stepping ~*~*~tactically~*~*~ (outnumbered).
  2450 | D:4      | Reached XP level 6. HP: 59/59 MP: 7/7
  2561 | D:4      | Reached skill level 7 in Unarmed Combat
  2778 | D:4      | 2778 ||| Stepping ~*~*~tactically~*~*~ (stealth).
  2780 | D:4      | 2780 ||| Stepping ~*~*~tactically~*~*~ (stealth).
  2787 | D:4      | 2787 ||| Stepping ~*~*~tactically~*~*~ (stealth).
  2794 | D:4      | 2794 ||| Stepping ~*~*~tactically~*~*~ (stealth).
  2795 | D:4      | 2795 ||| Stepping ~*~*~tactically~*~*~ (stealth).
  2838 | D:4      | 2838 ||| Stepping ~*~*~tactically~*~*~ (outnumbered).
  2846 | D:4      | 2846 ||| INVOKING Fiery Armour.
  2853 | D:4      | Reached skill level 8 in Unarmed Combat
  2853 | D:4      | Reached XP level 7. HP: 31/66 MP: 8/8
  2862 | D:4      | 2862 ||| FLEEEEING.
  2863 | D:4      | 2863 ||| FLEEEEING.
  2864 | D:4      | 2864 ||| FLEEEEING.
  2865 | D:4      | 2865 ||| FLEEEEING.
  2866 | D:4      | 2866 ||| FLEEEEING.
  2873 | D:4      | 2873 ||| FLEEEEING.
  2874 | D:4      | 2874 ||| FLEEEEING.
  2875 | D:4      | 2875 ||| FLEEEEING.
  3028 | D:4      | 3028 ||| Stepping ~*~*~tactically~*~*~ (hiding).
  3035 | D:4      | Reached skill level 1 in Throwing
  3291 | D:4      | 3291 ||| READING scroll labelled PAOPRIGESO.
  3291 | D:4      | Identified a scroll of acquirement
  3291 | D:4      | 3291 ||| ACQUIRING +4 storm dragon scales of Good
                  | Intentions {rElec rF- Will+++ Regen+ Stlth-}
  3291 | D:4      | Acquired the +4 storm dragon scales of Good Intentions
                  | {rElec rF- Will+++ Regen+ Stlth-}
  3293 | D:4      | 3293 ||| UPGRADING to +4 storm dragon scales of Good
                  | Intentions {rElec rF- Will+++ Regen+ Stlth-}.
  3303 | D:4      | 3303 ||| DROPPING +0 robe.
  3304 | D:4      | 3304 ||| READING 5 scrolls of identify.
  3304 | D:4      | 3304 ||| IDENTIFYING white potion
  3305 | D:4      | 3305 ||| READING 4 scrolls of identify.
  3305 | D:4      | 3305 ||| IDENTIFYING smoky blue potion
  3306 | D:4      | 3306 ||| READING 3 scrolls of identify.
  3306 | D:4      | 3306 ||| IDENTIFYING bubbling dark potion
  3307 | D:4      | 3307 ||| READING 2 scrolls of identify.
  3307 | D:4      | 3307 ||| IDENTIFYING sapphire potion
  3308 | D:4      | 3308 ||| DROPPING potion of brilliance.
  3309 | D:4      | 3309 ||| DROPPING potion of magic.
  3326 | D:5      | Entered Level 5 of the Dungeon
  3328 | D:5      | 3328 ||| STAIRDANCE
  3442 | D:5      | 3442 ||| Stepping ~*~*~tactically~*~*~ (hiding).
  3443 | D:5      | 3443 ||| Stepping ~*~*~tactically~*~*~ (hiding).
  3554 | D:5      | Noticed Ijyb
  3568 | D:5      | Killed Ijyb
  3606 | D:5      | Found a burning altar of Makhleb.
  3699 | D:5      | Reached skill level 3 in Fighting
  3778 | D:5      | Found a blossoming altar of Fedhas.
  3780 | D:5      | 3780 ||| Stepping ~*~*~tactically~*~*~ (stealth).
  3835 | D:5      | Reached skill level 3 in Throwing
  3858 | D:5      | Found a bloodstained altar of Trog.
  3928 | D:5      | Reached XP level 8. HP: 75/75 MP: 9/9
  4688 | D:5      | 4688 ||| UPGRADING to amulet of guardian spirit.
  4693 | D:5      | 4693 ||| READING scroll labelled ODDEOV PIFA.
  4746 | D:6      | You fall into a shaft and drop 3 floors!
  4756 | D:9      | Noticed a kobold demonologist
  4757 | D:9      | 4757 ||| Stepping ~*~*~tactically~*~*~ (stealth).
  4758 | D:9      | 4758 ||| Stepping ~*~*~tactically~*~*~ (stealth).
  4760 | D:9      | 4760 ||| Stepping ~*~*~tactically~*~*~ (stealth).
  4761 | D:9      | 4761 ||| Stepping ~*~*~tactically~*~*~ (stealth).
  4767 | D:9      | Noticed a rust devil
  4767 | D:9      | 4767 ||| INVOKING Fiery Armour.
  4768 | D:9      | Noticed an ice devil
  4770 | D:9      | 4770 ||| Stepping ~*~*~tactically~*~*~ (outnumbered).
  4777 | D:9      | 4777 ||| Stepping ~*~*~tactically~*~*~ (outnumbered).
  4780 | D:9      | 4780 ||| Stepping ~*~*~tactically~*~*~ (outnumbered).
  4781 | D:9      | 4781 ||| Stepping ~*~*~tactically~*~*~ (outnumbered).
  4782 | D:9      | 4782 ||| Stepping ~*~*~tactically~*~*~ (outnumbered).
  4785 | D:9      | 4785 ||| Stepping ~*~*~tactically~*~*~ (outnumbered).
  4788 | D:9      | 4788 ||| Stepping ~*~*~tactically~*~*~ (outnumbered).
  4789 | D:9      | 4789 ||| Stepping ~*~*~tactically~*~*~ (outnumbered).
  4791 | D:9      | 4791 ||| Stepping ~*~*~tactically~*~*~ (outnumbered).
  4794 | D:9      | 4794 ||| Stepping ~*~*~tactically~*~*~ (outnumbered).
  4795 | D:9      | 4795 ||| Stepping ~*~*~tactically~*~*~ (outnumbered).
  4797 | D:9      | 4797 ||| Stepping ~*~*~tactically~*~*~ (outnumbered).
  4798 | D:9      | 4798 ||| Stepping ~*~*~tactically~*~*~ (outnumbered).
  4806 | D:9      | Killed a kobold demonologist
  4807 | D:9      | Reached skill level 9 in Unarmed Combat
  4883 | D:9      | 4883 ||| Stepping ~*~*~tactically~*~*~ (hiding).
  4887 | D:9      | 4887 ||| Stepping ~*~*~tactically~*~*~ (hiding).
  4888 | D:9      | 4888 ||| Stepping ~*~*~tactically~*~*~ (hiding).
  4897 | D:9      | Reached skill level 10 in Unarmed Combat
  4897 | D:9      | 4897 ||| Stepping ~*~*~tactically~*~*~ (outnumbered).
  4973 | D:9      | 4973 ||| READING 2 scrolls of identify.
  4973 | D:9      | 4973 ||| IDENTIFYING grey potion
  5019 | D:7      | 5019 ||| PLANNING OSSUARY
  5048 | D:7      | Noticed qw's ghost (novice TeWr)
  5055 | D:7      | Found a runed translucent gate.
  5055 | D:7      | Found a runed translucent gate.
  5056 | D:7      | Found a runed translucent gate.
  5120 | D:7      | 5120 ||| Stepping ~*~*~tactically~*~*~ (stealth).
  5121 | D:7      | 5121 ||| Stepping ~*~*~tactically~*~*~ (stealth).
  5123 | D:7      | 5123 ||| Stepping ~*~*~tactically~*~*~ (stealth).
  5126 | D:7      | 5126 ||| Stepping ~*~*~tactically~*~*~ (stealth).
  5132 | D:7      | 5132 ||| INVOKING Fiery Armour.
  5151 | D:7      | Found a hide-covered altar of Uskayaw.
  5239 | D:7      | 5239 ||| INVOKING Fiery Armour.
  5244 | D:7      | Reached skill level 3 in Armour
  5298 | D:7      | Found Cystrettu's Magic Scroll Emporium.
  5301 | D:7      | 5301 ||| SHOPLISTING 2 scrolls of brand weapon (304 gold,
                  | have 248).
  5301 | D:7      | 5301 ||| BUYING scroll of identify (32 gold).
  5301 | D:7      | Bought a scroll of identify for 32 gold pieces
  5306 | D:7      | Noticed Prince Ribbit
  5314 | D:7      | Killed Prince Ribbit
  5315 | D:7      | Reached XP level 9. HP: 72/84 MP: 6/10
  5368 | D:7      | Found a sand-covered staircase.
  5369 | D:7      | 5369 ||| DRINKING 2 bubbling blue potions.
  5416 | D:7      | 5416 ||| READING 2 scrolls of identify.
  5416 | D:7      | 5416 ||| IDENTIFYING bubbling yellow potion
  5417 | D:7      | 5417 ||| DROPPING potion of attraction.
  5418 | D:7      | 5418 ||| DROPPING potion of lignification.
  5423 | Ossuary  | Entered an ossuary
  5468 | Ossuary  | 5468 ||| Stepping ~*~*~tactically~*~*~ (stealth).
  5469 | Ossuary  | 5469 ||| Stepping ~*~*~tactically~*~*~ (stealth).
  5470 | Ossuary  | 5470 ||| Stepping ~*~*~tactically~*~*~ (stealth).
  5471 | Ossuary  | 5471 ||| Stepping ~*~*~tactically~*~*~ (stealth).
  5472 | Ossuary  | 5472 ||| Stepping ~*~*~tactically~*~*~ (stealth).
  5475 | Ossuary  | 5475 ||| Stepping ~*~*~tactically~*~*~ (outnumbered).
  5477 | Ossuary  | 5477 ||| Stepping ~*~*~tactically~*~*~ (outnumbered).
  5478 | Ossuary  | 5478 ||| Stepping ~*~*~tactically~*~*~ (outnumbered).
  5811 | Ossuary  | 5811 ||| READING 8 scrolls of identify.
  5811 | Ossuary  | 5811 ||| IDENTIFYING fizzy green potion
  5812 | Ossuary  | 5812 ||| READING 7 scrolls of identify.
  5812 | Ossuary  | 5812 ||| IDENTIFYING murky blue potion
  5813 | Ossuary  | 5813 ||| DROPPING potion of berserk rage.
  5830 | D:7      | 5830 ||| PLANNING D:1-11
  5886 | D:6      | Found an ancient bone altar of Kikubaaqudgha.
  5965 | D:6      | Found a glowing silver altar of Zin.
  5965 | D:6      | Found Zin's Purification Station.
  5973 | D:6      | 5973 ||| BUYING potion of curing (90 gold).
  5973 | D:6      | Bought a potion of curing for 90 gold pieces
  6016 | D:6      | Reached skill level 11 in Unarmed Combat
  6045 | D:6      | Identified the +9 mace of the Mashing Badger {freeze, rF+
                  | rN+ Will+}
  6059 | D:6      | Found a staircase to the Ecumenical Temple.
  6114 | D:6      | 6114 ||| Stepping ~*~*~tactically~*~*~ (stealth).
  6155 | D:6      | 6155 ||| Stepping ~*~*~tactically~*~*~ (stealth).
  6157 | D:6      | 6157 ||| Stepping ~*~*~tactically~*~*~ (stealth).
  6325 | D:6      | 6325 ||| UPGRADING to ring of poison resistance.
  6326 | D:6      | 6326 ||| READING scroll labelled EFENKI ROGY.
  6471 | D:7      | 6471 ||| READING 3 scrolls of teleportation.
  6565 | D:8      | 6565 ||| INVOKING Fiery Armour.
  6568 | D:8      | 6568 ||| Stepping ~*~*~tactically~*~*~ (outnumbered).
  6570 | D:8      | 6570 ||| Stepping ~*~*~tactically~*~*~ (outnumbered).
  6571 | D:8      | 6571 ||| Stepping ~*~*~tactically~*~*~ (outnumbered).
  6575 | D:8      | 6575 ||| Stepping ~*~*~tactically~*~*~ (outnumbered).
  6576 | D:8      | 6576 ||| Stepping ~*~*~tactically~*~*~ (outnumbered).
  6577 | D:8      | 6577 ||| Stepping ~*~*~tactically~*~*~ (outnumbered).
  6583 | D:8      | 6583 ||| Stepping ~*~*~tactically~*~*~ (outnumbered).
  6584 | D:8      | 6584 ||| Stepping ~*~*~tactically~*~*~ (outnumbered).
  6585 | D:8      | 6585 ||| Stepping ~*~*~tactically~*~*~ (outnumbered).
  6586 | D:8      | 6586 ||| Stepping ~*~*~tactically~*~*~ (outnumbered).
  6588 | D:8      | 6588 ||| Stepping ~*~*~tactically~*~*~ (outnumbered).
  6592 | D:8      | 6592 ||| Stepping ~*~*~tactically~*~*~ (outnumbered).
  6593 | D:8      | 6593 ||| Stepping ~*~*~tactically~*~*~ (outnumbered).
  6625 | D:8      | Noticed Psyche
  6628 | D:8      | 6628 ||| Stepping ~*~*~tactically~*~*~ (stealth).
  6633 | D:8      | Killed Psyche
  6638 | D:8      | Reached skill level 12 in Unarmed Combat
  6763 | D:8      | 6763 ||| Stepping ~*~*~tactically~*~*~ (hiding).
  6765 | D:8      | 6765 ||| Stepping ~*~*~tactically~*~*~ (hiding).
  6888 | D:8      | 6888 ||| Stepping ~*~*~tactically~*~*~ (cloud).
  6964 | D:8      | 6964 ||| Stepping ~*~*~tactically~*~*~ (stealth).
  6968 | D:8      | 6968 ||| Stepping ~*~*~tactically~*~*~ (outnumbered).
  6969 | D:8      | 6969 ||| Stepping ~*~*~tactically~*~*~ (outnumbered).
  6971 | D:8      | Reached XP level 10. HP: 96/96 MP: 11/11
  7024 | D:8      | Found a hazy altar of Hepliaklqana.
  7134 | D:8      | 7134 ||| Stepping ~*~*~tactically~*~*~ (hiding).
  7135 | D:8      | 7135 ||| Stepping ~*~*~tactically~*~*~ (hiding).
  7250 | D:8      | 7250 ||| Stepping ~*~*~tactically~*~*~ (stealth).
  7251 | D:8      | 7251 ||| Stepping ~*~*~tactically~*~*~ (stealth).
  7252 | D:8      | 7252 ||| Stepping ~*~*~tactically~*~*~ (stealth).
  7276 | D:8      | 7276 ||| INVOKING Fiery Armour.
  7281 | D:8      | 7281 ||| Stepping ~*~*~tactically~*~*~ (outnumbered).
  7282 | D:8      | 7282 ||| Stepping ~*~*~tactically~*~*~ (outnumbered).
  7283 | D:8      | 7283 ||| Stepping ~*~*~tactically~*~*~ (outnumbered).
  7286 | D:8      | 7286 ||| Stepping ~*~*~tactically~*~*~ (outnumbered).
  7287 | D:8      | 7287 ||| Stepping ~*~*~tactically~*~*~ (outnumbered).
  7288 | D:8      | 7288 ||| Stepping ~*~*~tactically~*~*~ (outnumbered).
  7289 | D:8      | 7289 ||| Stepping ~*~*~tactically~*~*~ (outnumbered).
  7290 | D:8      | 7290 ||| Stepping ~*~*~tactically~*~*~ (outnumbered).
  7291 | D:8      | 7291 ||| Stepping ~*~*~tactically~*~*~ (outnumbered).
  7292 | D:8      | 7292 ||| Stepping ~*~*~tactically~*~*~ (outnumbered).
  7293 | D:8      | 7293 ||| Stepping ~*~*~tactically~*~*~ (outnumbered).
  7294 | D:8      | 7294 ||| Stepping ~*~*~tactically~*~*~ (outnumbered).
  7296 | D:8      | 7296 ||| Stepping ~*~*~tactically~*~*~ (outnumbered).
  7297 | D:8      | 7297 ||| Stepping ~*~*~tactically~*~*~ (outnumbered).
  7298 | D:8      | 7298 ||| Stepping ~*~*~tactically~*~*~ (outnumbered).
  7299 | D:8      | 7299 ||| Stepping ~*~*~tactically~*~*~ (outnumbered).
  7300 | D:8      | 7300 ||| Stepping ~*~*~tactically~*~*~ (outnumbered).
  7301 | D:8      | 7301 ||| Stepping ~*~*~tactically~*~*~ (outnumbered).
  7302 | D:8      | 7302 ||| Stepping ~*~*~tactically~*~*~ (outnumbered).
  7303 | D:8      | 7303 ||| Stepping ~*~*~tactically~*~*~ (outnumbered).
  7304 | D:8      | 7304 ||| Stepping ~*~*~tactically~*~*~ (outnumbered).
  7305 | D:8      | 7305 ||| STAIRDANCE
  7307 | D:7      | 7307 ||| Stepping ~*~*~tactically~*~*~ (outnumbered).
  7308 | D:7      | 7308 ||| Stepping ~*~*~tactically~*~*~ (outnumbered).
  7309 | D:7      | 7309 ||| Stepping ~*~*~tactically~*~*~ (outnumbered).
  7310 | D:7      | 7310 ||| Stepping ~*~*~tactically~*~*~ (outnumbered).
  7311 | D:7      | 7311 ||| Stepping ~*~*~tactically~*~*~ (outnumbered).
  7312 | D:7      | 7312 ||| Stepping ~*~*~tactically~*~*~ (outnumbered).
  7336 | D:7      | 7336 ||| UPGRADING to +6 ring of strength.
  7338 | D:7      | 7338 ||| READING 8 scrolls of identify.
  7338 | D:7      | 7338 ||| IDENTIFYING lumpy amethyst potion
  7339 | D:7      | 7339 ||| DROPPING potion of invisibility.
  7366 | D:8      | 7366 ||| Stepping ~*~*~tactically~*~*~ (outnumbered).
  7367 | D:8      | 7367 ||| Stepping ~*~*~tactically~*~*~ (outnumbered).
  7368 | D:8      | 7368 ||| Stepping ~*~*~tactically~*~*~ (outnumbered).
  7369 | D:8      | 7369 ||| Stepping ~*~*~tactically~*~*~ (outnumbered).
  7370 | D:8      | 7370 ||| Stepping ~*~*~tactically~*~*~ (outnumbered).
  7371 | D:8      | 7371 ||| Stepping ~*~*~tactically~*~*~ (outnumbered).
  7372 | D:8      | 7372 ||| Stepping ~*~*~tactically~*~*~ (outnumbered).
  7373 | D:8      | 7373 ||| Stepping ~*~*~tactically~*~*~ (outnumbered).
  7374 | D:8      | 7374 ||| Stepping ~*~*~tactically~*~*~ (outnumbered).
  7375 | D:8      | 7375 ||| Stepping ~*~*~tactically~*~*~ (outnumbered).
  7376 | D:8      | 7376 ||| Stepping ~*~*~tactically~*~*~ (outnumbered).
  7377 | D:8      | 7377 ||| Stepping ~*~*~tactically~*~*~ (outnumbered).
  7378 | D:8      | 7378 ||| Stepping ~*~*~tactically~*~*~ (outnumbered).
  7379 | D:8      | 7379 ||| Stepping ~*~*~tactically~*~*~ (outnumbered).
  7384 | D:8      | 7384 ||| Stepping ~*~*~tactically~*~*~ (outnumbered).
  7385 | D:8      | 7385 ||| Stepping ~*~*~tactically~*~*~ (outnumbered).
  7386 | D:8      | 7386 ||| Stepping ~*~*~tactically~*~*~ (outnumbered).
  7387 | D:8      | 7387 ||| Stepping ~*~*~tactically~*~*~ (outnumbered).
  7388 | D:8      | 7388 ||| Stepping ~*~*~tactically~*~*~ (outnumbered).
  7392 | D:8      | 7392 ||| Stepping ~*~*~tactically~*~*~ (outnumbered).
  7393 | D:8      | 7393 ||| Stepping ~*~*~tactically~*~*~ (outnumbered).
  7394 | D:8      | 7394 ||| Stepping ~*~*~tactically~*~*~ (outnumbered).
  7395 | D:8      | 7395 ||| Stepping ~*~*~tactically~*~*~ (outnumbered).
  7396 | D:8      | 7396 ||| Stepping ~*~*~tactically~*~*~ (outnumbered).
  7398 | D:8      | Reached skill level 13 in Unarmed Combat
  7633 | D:8      | Found a staircase to the Lair.
  7977 | D:8      | 7977 ||| PLANNING LAIR
  8026 | Lair:1   | Entered Level 1 of the Lair of Beasts
  8064 | Lair:1   | Noticed a cane toad
  8067 | Lair:1   | Killed a cane toad
  8069 | Lair:1   | 8069 ||| Stepping ~*~*~tactically~*~*~ (outnumbered).
  8070 | Lair:1   | 8070 ||| Stepping ~*~*~tactically~*~*~ (outnumbered).
  8071 | Lair:1   | 8071 ||| Stepping ~*~*~tactically~*~*~ (outnumbered).
  8072 | Lair:1   | 8072 ||| Stepping ~*~*~tactically~*~*~ (outnumbered).
  8073 | Lair:1   | 8073 ||| Stepping ~*~*~tactically~*~*~ (outnumbered).
  8074 | Lair:1   | 8074 ||| Stepping ~*~*~tactically~*~*~ (outnumbered).
  8076 | Lair:1   | 8076 ||| Stepping ~*~*~tactically~*~*~ (outnumbered).
  8077 | Lair:1   | 8077 ||| Stepping ~*~*~tactically~*~*~ (outnumbered).
  8078 | Lair:1   | 8078 ||| Stepping ~*~*~tactically~*~*~ (outnumbered).
  8079 | Lair:1   | 8079 ||| Stepping ~*~*~tactically~*~*~ (outnumbered).
  8080 | Lair:1   | 8080 ||| Stepping ~*~*~tactically~*~*~ (outnumbered).
  8088 | Lair:1   | Reached skill level 14 in Unarmed Combat
  8270 | Lair:1   | Noticed a five-headed hydra
  8271 | Lair:1   | 8271 ||| INVOKING Fiery Armour.
  8276 | Lair:1   | Killed a six-headed hydra
  8277 | Lair:1   | Reached XP level 11. HP: 104/105 MP: 12/12
  8294 | Lair:1   | 8294 ||| Stepping ~*~*~tactically~*~*~ (stealth).
  8297 | Lair:1   | Reached skill level 6 in Fighting
  8323 | Lair:1   | Noticed a seven-headed hydra
  8330 | Lair:1   | Killed an eight-headed hydra
  8831 | Lair:2   | 8831 ||| Stepping ~*~*~tactically~*~*~ (stealth).
  8841 | Lair:2   | Found a frozen archway.
  8868 | Lair:2   | Noticed a catoblepas
  8869 | Lair:2   | 8869 ||| Stepping ~*~*~tactically~*~*~ (hiding).
  8870 | Lair:2   | 8870 ||| Stepping ~*~*~tactically~*~*~ (hiding).
  8873 | Lair:2   | 8873 ||| Stepping ~*~*~tactically~*~*~ (hiding).
  8878 | Lair:2   | 8878 ||| INVOKING Fiery Armour.
  8880 | Lair:2   | 8880 ||| Stepping ~*~*~tactically~*~*~ (cloud).
  8884 | Lair:2   | Killed a catoblepas
  8885 | Lair:2   | Reached skill level 6 in Throwing
  8916 | Lair:2   | 8916 ||| Stepping ~*~*~tactically~*~*~ (stealth).
  8971 | Lair:2   | 8971 ||| Stepping ~*~*~tactically~*~*~ (stealth).
  9010 | Lair:2   | 9010 ||| Stepping ~*~*~tactically~*~*~ (stealth).
  9025 | Lair:2   | 9025 ||| Stepping ~*~*~tactically~*~*~ (stealth).
  9026 | Lair:2   | 9026 ||| Stepping ~*~*~tactically~*~*~ (stealth).
  9029 | Lair:2   | 9029 ||| Stepping ~*~*~tactically~*~*~ (stealth).
  9032 | Lair:2   | 9032 ||| INVOKING Fiery Armour.
  9040 | Lair:2   | Reached skill level 15 in Unarmed Combat
  9083 | Lair:2   | 9083 ||| Stepping ~*~*~tactically~*~*~ (stealth).
  9088 | Lair:2   | 9088 ||| Stepping ~*~*~tactically~*~*~ (stealth).
  9103 | Lair:2   | 9103 ||| Stepping ~*~*~tactically~*~*~ (stealth).
  9113 | Lair:2   | 9113 ||| Stepping ~*~*~tactically~*~*~ (stealth).
  9116 | Lair:2   | 9116 ||| Stepping ~*~*~tactically~*~*~ (outnumbered).
  9129 | Lair:2   | Reached skill level 16 in Unarmed Combat
  9193 | Lair:2   | Reached XP level 12. HP: 115/115 MP: 13/13
  9197 | Lair:2   | 9197 ||| INVOKING Fiery Armour.
  9203 | Lair:2   | 9203 ||| FLEEEEING.
  9209 | Lair:2   | Reached skill level 1 in Dodging
  9275 | Lair:2   | 9275 ||| Stepping ~*~*~tactically~*~*~ (hiding).
  9279 | Lair:2   | 9279 ||| Stepping ~*~*~tactically~*~*~ (hiding).
  9285 | Lair:2   | 9285 ||| Stepping ~*~*~tactically~*~*~ (hiding).
  9321 | Lair:2   | Found a staircase to the Snake Pit.
  9354 | Lair:2   | 9354 ||| INVOKING Fiery Armour.
  9376 | Lair:2   | 9376 ||| Stepping ~*~*~tactically~*~*~ (hiding).
  9379 | Lair:2   | 9379 ||| Stepping ~*~*~tactically~*~*~ (hiding).
  9497 | Lair:2   | 9497 ||| Stepping ~*~*~tactically~*~*~ (hiding).
  9498 | Lair:2   | 9498 ||| Stepping ~*~*~tactically~*~*~ (hiding).
  9499 | Lair:2   | 9499 ||| Stepping ~*~*~tactically~*~*~ (hiding).
  9598 | Lair:2   | Noticed an eight-headed hydra
  9600 | Lair:2   | Killed an eight-headed hydra
  9917 | Lair:2   | 9917 ||| PLANNING TEMPLE
  9917 | Lair:2   | 9917 ||| UPGRADING to ring of see invisible.
  9919 | Lair:2   | 9919 ||| DROPPING ring of positive energy.
  9920 | Lair:2   | 9920 ||| UPGRADING to +6 ring of dexterity.
 10032 | Temple   | Entered the Ecumenical Temple
 10061 | Temple   | 10061 ||| PLANNING CONVERSION TO OKAWARU
 10069 | Temple   | Fell from the grace of Ignis
 10069 | Temple   | Became a worshipper of Warmaster Okawaru
 10070 | Temple   | 10070 ||| PLANNING LAIR
 10070 | Temple   | 10070 ||| REMOVING amulet of guardian spirit.
 10075 | Temple   | 10075 ||| DROPPING amulet of guardian spirit.
 10394 | Lair:3   | You fall into a shaft and drop 2 floors!
 10394 | Lair:5   | Entered Level 5 of the Lair of Beasts
 10394 | Lair:5   | Noticed a death yak
 10400 | Lair:5   | Killed a death yak
 10404 | Lair:5   | Noticed a catoblepas
 10406 | Lair:5   | 10406 ||| Stepping ~*~*~tactically~*~*~ (hiding).
 10409 | Lair:5   | 10409 ||| Stepping ~*~*~tactically~*~*~ (cloud).
 10410 | Lair:5   | 10410 ||| Stepping ~*~*~tactically~*~*~ (cloud).
 10411 | Lair:5   | 10411 ||| Stepping ~*~*~tactically~*~*~ (cloud).
 10415 | Lair:5   | Noticed a six-headed hydra
 10415 | Lair:5   | Killed a catoblepas
 10422 | Lair:5   | Killed an eight-headed hydra
 10422 | Lair:5   | Reached * piety under Okawaru
 10452 | Lair:5   | 10452 ||| INVOKING Heroism.
 10462 | Lair:5   | Reached skill level 1 in Invocations
 10523 | Lair:5   | 10523 ||| Stepping ~*~*~tactically~*~*~ (hiding).
 10525 | Lair:5   | 10525 ||| INVOKING Heroism.
 10580 | Lair:5   | 10580 ||| INVOKING Heroism.
 10582 | Lair:5   | Reached skill level 17 in Unarmed Combat
 10596 | Lair:5   | 10596 ||| INVOKING Heroism.
 10597 | Lair:5   | 10597 ||| Stepping ~*~*~tactically~*~*~ (outnumbered).
 10609 | Lair:5   | Reached skill level 3 in Invocations
 10615 | Lair:5   | HP: 28/118 [dream sheep (17)]
 10616 | Lair:5   | 10616 ||| READING 3 scrolls of teleportation.
 10620 | Lair:5   | 10620 ||| INVOKING Heroism.
 10620 | Lair:5   | HP: 28/118 [wolf (8)]
 10621 | Lair:5   | 10621 ||| READING 2 scrolls of teleportation.
 10622 | Lair:5   | 10622 ||| DRINKING 3 potions of heal wounds.
 10635 | Lair:5   | 10635 ||| Stepping ~*~*~tactically~*~*~ (stealth).
 10636 | Lair:5   | 10636 ||| Stepping ~*~*~tactically~*~*~ (stealth).
 10643 | Lair:5   | 10643 ||| INVOKING Heroism.
 10695 | Lair:4   | Reached ** piety under Okawaru
 10712 | Lair:3   | Identified the ring of Heblet {Fire *Slow rN+++ Str+8
                  | Stlth-}
 10818 | Lair:3   | 10818 ||| Stepping ~*~*~tactically~*~*~ (outnumbered).
 10820 | Lair:3   | 10820 ||| Stepping ~*~*~tactically~*~*~ (outnumbered).
 10821 | Lair:3   | 10821 ||| Stepping ~*~*~tactically~*~*~ (outnumbered).
 10822 | Lair:3   | 10822 ||| Stepping ~*~*~tactically~*~*~ (outnumbered).
 10827 | Lair:3   | 10827 ||| INVOKING Heroism.
 10935 | Lair:3   | You fall into a shaft and drop 2 floors!
 10935 | Lair:5   | Noticed a catoblepas
 10936 | Lair:5   | 10936 ||| INVOKING Heroism.
 10937 | Lair:5   | 10937 ||| Stepping ~*~*~tactically~*~*~ (cloud).
 10940 | Lair:5   | 10940 ||| Stepping ~*~*~tactically~*~*~ (cloud).
 10941 | Lair:5   | Killed a catoblepas
 10942 | Lair:5   | 10942 ||| READING scroll labelled UMPUVV NASY.
 10943 | Lair:5   | 10943 ||| READING 8 scrolls of identify.
 10943 | Lair:5   | 10943 ||| IDENTIFYING brown potion
 10944 | Lair:5   | 10944 ||| DROPPING potion of flight.
 10955 | Lair:5   | 10955 ||| Stepping ~*~*~tactically~*~*~ (outnumbered).
 10956 | Lair:5   | 10956 ||| Stepping ~*~*~tactically~*~*~ (outnumbered).
 10957 | Lair:5   | 10957 ||| INVOKING Heroism.
 10960 | Lair:5   | HP: 20/118 [fire elemental[the fiery vengeance of Ignis]
                  | (18)]
 10961 | Lair:5   | 10961 ||| READING scroll of teleportation.
 10962 | Lair:5   | 10962 ||| DRINKING 3 potions of heal wounds.
 10964 | Lair:5   | 10964 ||| DRINKING 2 potions of heal wounds.
 10965 | Lair:5   | 10965 ||| DRINKING potion of heal wounds.
 11081 | Lair:3   | You fall into a shaft and drop 2 floors!
 11171 | Lair:3   | Noticed a four-headed hydra
 11172 | Lair:3   | 11172 ||| INVOKING Heroism.
 11176 | Lair:3   | Reached XP level 13. HP: 51/124 MP: 13/16
 11180 | Lair:3   | HP: 29/124 [five-headed hydra (6)]
 11201 | Lair:3   | 11201 ||| INVOKING Heroism.
 11211 | Lair:3   | HP: 28/124 [eight-headed hydra (9)]
 11277 | Lair:3   | Found a staircase to the Swamp.
 11305 | Lair:3   | Noticed Rupert
 11306 | Lair:3   | 11306 ||| INVOKING Heroism.
 11323 | Lair:3   | HP: 8/124 [Rupert/+2 great mace of venom (38)]
 11324 | Lair:3   | HP: 1/124 [poisoned by Rupert]
 11324 | Lair:3   | Annihilated by Rupert

Levels and vault maps discovered:
D:1:      minmay_arrival_doors, layout_loops_cross, serial_shops, shop
D:2:      layout_loops_cross, hellmonk_ecumenical_altar_blasted,
          guppyfry_early_lair_pool, uniq_natasha
D:3:      layout_loops_ring, nicolae_vehumet_altar_sigil, serial_shops,
          nicolae_shop_temple_entry_statues_fountains,
          biasface_ghost_orc_armoury
D:4:      layout_cave_pods, chequers_serial_rivers_room_a
D:5:      layout_layer_cave, mainiacjoe_overflow_catwalk_spiral, bloody_makhleb,
          uniq_ijyb
D:6:      layout_cave_pools, zin_purify, kiku_gazebo_pond_becter,
          minmay_temple_entry_waves
D:7:      layout_rooms, mainiacjoe_overflow_boulevard, enter_ossuary_5,
          gammafunk_ghost_split, serial_shops, nicolae_shop_behind_doors,
          uniq_prince_ribbit1
D:8:      layout_layer_cave, mainiacjoe_overflow_24_doors, david_lair_shrubbed,
          mumra_transporter_accident, kennysheep_pointless_box, uniq_psyche
D:9:      layout_stronghold, general_overflow_altar
Temple:   hellmonk_temple_forest_ring
Lair:1:   layout_gridlike, grunt_megastairs_5
Lair:2:   layout_loops_ring, minmay_snake_entry_guardpost_medium,
          portal_ice_cave_entry_ice_simulacra, chequers_serial_rivers_large_a
Lair:3:   layout_cave_pods, palyth_hydra_swamp_entry, lemuel_fruit_fields,
          lemuel_fruit_fields, uniq_rupert
Lair:4:   layout_regular_city, ebering_ghost_xom, st_stairs_4,
          wad_woods_river_02, beast_lair_carwin_8
Lair:5:   evilmike_catoblepas_cave, layout_regular_city, slime_entry_1,
          dreamdust_deal_with_the_devil

Skill      XL: |  1  2  3  4  5  6  7  8  9 10 11 12 |
---------------+-------------------------------------+-----
Unarmed Combat | 4 6 8 10 12 14 16 17 | 17.6
Throwing       | 3 4 5 6 7 |  7.0
Armour         | 2 3 4 5 |  5.0
Fighting       | 3 4 5 6 7 |  7.0
Dodging        | 2 |  2.6
Invocations    | 4 |  4.0
Spellcasting   | |  1.0
Fire Magic     | |  2.1

Action                   |  1- 3 |  4- 6 |  7- 9 | 10-12 | 13-15 || total
-------------------------+-------+-------+-------+-------+-------++-------
Melee: Unarmed           |    57 |   111 |   258 |   360 |    25 ||   811
       Punch             |       |     2 |     7 |    20 |     5 ||    34
Throw: Large rock        |       |       |    55 |    50 |     2 ||   107
       Boomerang         |       |       |     6 |    68 |       ||    74
Invok: Fiery Armour      |       |     3 |     4 |     6 |       ||    13
       Heroism           |       |       |       |    10 |     2 ||    12
  Use: Scroll            |     3 |     5 |    12 |     6 |       ||    26
       Potion            |     1 |     1 |     1 |     4 |       ||     7
Armor: Robe              |    10 |    26 |     3 |       |       ||    39
       Storm dragon scal |       |       |   128 |   239 |    15 ||   382
Dodge: Dodged            |    21 |    29 |    57 |   117 |     6 ||   230

Table legend:
 A = Non-vault XP
 B = Vault XP
 C = Vault XP percentage of total XP
 D = Non-vault monster count
 E = Vault monster count
 F = Vault count percentage of total count
                 A         B        C        D         E       F
            +---------+---------+-------+---------+---------+-------
      Total |   33657 |    6892 |  17.0 |     267 |      37 |  12.2
            +---------+---------+-------+---------+---------+-------
        D:1 |      27 |       0 |   0.0 |      15 |       0 |   0.0
        D:2 |     106 |      36 |  25.4 |      13 |       1 |   7.1
        D:3 |     195 |       0 |   0.0 |      11 |       0 |   0.0
        D:4 |     571 |       0 |   0.0 |      26 |       0 |   0.0
        D:5 |     587 |      36 |   5.8 |      14 |       1 |   6.7
        D:6 |     523 |       0 |   0.0 |      10 |       0 |   0.0
        D:7 |    1185 |     268 |  18.4 |      24 |       1 |   4.0
        D:8 |    2753 |     751 |  21.4 |      38 |       2 |   5.0
        D:9 |     693 |       0 |   0.0 |      13 |       0 |   0.0
     Lair:1 |    4617 |       0 |   0.0 |      15 |       0 |   0.0
     Lair:2 |   14274 |     908 |   6.0 |      58 |       7 |  10.8
     Lair:3 |     878 |    2960 |  77.1 |       4 |       7 |  63.6
     Lair:4 |     306 |       0 |   0.0 |       2 |       0 |   0.0
     Lair:5 |    6942 |    1642 |  19.1 |      24 |       2 |   7.7
    Ossuary |       0 |     291 | 100.0 |       0 |      16 | 100.0
            +---------+---------+-------+---------+---------+-------
